Workbook

Sheet Sheet1
A2: RFX. No. 5002005176 , NIT-488
A3: Name of the Package | B3: Construction of Additional 06 nos. Quarters at 765/400 kV New Ranchi Substation

Sheet Basic
A1: =Sheet1!A2 -> RFX. No. 5002005176 , NIT-488
A2: =Sheet1!B3 -> Construction of Additional 06 nos. Quarters at 765/400 kV New Ranchi Substation
A4: General Guidelines for filling up the Price Schedule and other attachments.
A6: 1 | B6: Fill only Green shaded cells in Details and Schedule-I.
A7: 2 | B7: All the cells in Summary will be auto filled, therefore no cell is required to be filled in that sheet.
A8: 3 | B8: Instructions ,if any will be displayed automatically after selecting the cell.
A12: Click here to proceed.
A14: पावर ग्रिड कारपोरेशन ऑफ इण्डिया लिमिटेड
A15: (भारत सरकार का उद्यम)
A16: Power Grid Corporation of India Limited
A17: (A Government of India Enterprises)

Sheet Details
A1: =Sheet1!A2 -> RFX. No. 5002005176 , NIT-488
A2: =Sheet1!B3 -> Construction of Additional 06 nos. Quarters at 765/400 kV New Ranchi Substation
A4: Enter the following details of the bidder
A6: Name of the bidder
A7: Address
A10: Contact No.
A11: E-mail
A12: Alternative E-mail
A13: Printed Name
A14: Designation
A17: Place
A18: Date

Sheet Schedule-I
A1: =Sheet1!A2 -> RFX. No. 5002005176 , NIT-488
A2: =Sheet1!B3 -> Construction of Additional 06 nos. Quarters at 765/400 kV New Ranchi Substation
H3: Schedule-I of Price Bid
A4: Name of the bidder | C4: =Details!E6 -> 0 | G4: To,
A5: Address | C5: =Details!E7 -> 0 | G5: Contracts and Materials Department
C6: =Details!E8 -> 0 | G6: POWER GRID CORPORATION OF INDIA LIMITED
C7: =Details!E9 -> 0 | G7: VIDYUT BOARD COLONY, SHASTRINAGAR, PATNA-23
A10: Sl. No. | B10: Rate Ref. | C10: Description | D10: Unit | E10: QUANTITY | F10: Base Rate Exc GST | G10: Unit rate excl. taxes (Rs.) | H10: Amount (Ex. GST) (Rs.)
A11: SECTION-I: CIVIL WORKS
A12: 1 | B12: 2.6.1 | C12: Earth work in excavation by mechanical means (Hydraulic excavator)/manual means over areas (exceeding 30 cm in depth, 1.5 m in width as well as 10 sqm on plan) including getting out and disposal of excavated earth lead upto 50 m and for all lift, as directed by Engineer-in-charge. All kinds of soil | D12: Cum | E12: 5 | F12: 177.5 | G12: =F12/1.18 -> 150.42373 | H12: =G12*E12 -> 752.11864
A13: 2 | B13: 2.25 | C13: Filling available excavated earth (excluding rock) in trenches, plinth, sides, of the foundation etc. in layers not exceeding 20 cm in depth, consolidating each deposited layer by ramming and watering, lead upto 50 m and lift upto 1.5 m. | D13: Cum | E13: 5 | F13: 196 | G13: =F13/1.18 -> 166.10169 | H13: =G13*E13 -> 830.50847
A14: 3 | B14: 2.27 | C14: Supply and filling in plinth with local sand under floors including watering, ramming, consolidating and dressing complete. | D14: Cum | E14: 2 | F14: 2123.75 | G14: =F14/1.18 -> 1799.7881 | H14: =G14*E14 -> 3599.5763
A15: 4 | C15: Providing and laying in position cement concrete of specified grade excluding the cost of centring and shuttering : All works upto plinth level.
A16: i | B16: 4.1.8 | C16: 1:4:8 (1 cement : 4 coarse sand : 8 graded stone aggregate 40mm nominal size) | D16: Cum | E16: 1 | F16: 6812 | G16: =F16/1.18 -> 5772.8814 | H16: =G16*E16 -> 5772.8814
A17: ii | B17: 4.1.3 | C17: 1:2:4 (1 cement : 2 coarse sand : 4 graded stone aggregate 20mm nominal size) | D17: Cum | E17: 1 | F17: 7878.5 | G17: =F17/1.18 -> 6676.6949 | H17: =G17*E17 -> 6676.6949
A18: iii | B18: 4.1.10 | C18: 1:5:10 ( 1 Cement: 5 coarse sand : 10 graded stone aggregate 40mm nominal size) | D18: Cum | E18: 5.4 | F18: 6518.6 | G18: =F18/1.18 -> 5524.2373 | H18: =G18*E18 -> 29830.881
A19: 5 | B19: 4.2.3 | C19: Providing and laying cement concrete in retaining walls, return walls, walls (any thickness) including attached pilasters, columns, piers, abutments, pillars, posts, struts, buttresses, string or lacing courses, parapets, coping, bed blocks, anchor blocks, plain window sills, fillets, sunken floor,etc., up to floor five level, excluding the cost of centering, shuttering and finishing: 1:2:4 (1 Cement : 2 coarse sand : 4 graded stone aggregate 20 mm nominal size) | D19: Cu.m. | E19: 8.1750265 | F19: 9895.2 | G19: =F19/1.18 -> 8385.7627 | H19: =G19*E19 -> 68553.832
A20: 6 | B20: 5.1.2 | C20: Providing and laying in position specified grade of reinforced cement concrete excluding the cost of centring, shuttering, finishing and reinforcement- All works upto Plinth level. 1:1.5:3 (1 Cement : 1.5 Coarse sand : 3 graded stone aggregate 20 mm nominal size) | D20: Cu.m. | E20: 1 | F20: 9045.75 | G20: =F20/1.18 -> 7665.8898 | H20: =G20*E20 -> 7665.8898
A21: 7 | B21: 5.2.2 | C21: Reinforced cement concrete work in walls ( any thickness), including attached pilasters, buttresses, plinth and string courses, fillets, columns, pillars, piers, abutments, posts and struts, etc. upto floor five level excluding the cost of centring, shuttering, finishing and reinforcement. 1:1.5:3 (1 Cement: 1.5 Coarse sand: 3 Graded stone aggregate 20 mm nominal size) | D21: Cu.m. | E21: 38.46375 | F21: 10852.95 | G21: =F21/1.18 -> 9197.4153 | H21: =G21*E21 -> 353767.08
A22: 8 | B22: 5.3 | C22: Reinforced Cement concrete in beams, suspended floors, roofs having slope upto 15 degree, landings, balconies, shelves, chajjas, lintels, bands, plain window sills, staircases and spiral staircases upto floor five level excluding the cost of centring, shuttering, finishing and reinforcement with 1:1.5:3 (1 cement : 1.5 coarse sand : 3 graded stone aggr. 20 mm nominal size). | D22: Cu.m. | E22: 148.30301 | F22: 11505.5 | G22: =F22/1.18 -> 9750.4237 | H22: =G22*E22 -> 1446017.2
A23: 9 | C23: Centring and shuttering including strutting, propping etc. and removal of form for :
A24: i | B24: 5.9.1 | C24: Foundations, footings, bases of columns etc. for mass concrete. | D24: Sq.m. | E24: 1 | F24: 392.15 | G24: =F24/1.18 -> 332.33051 | H24: =G24*E24 -> 332.33051
A25: ii | B25: 5.9.2 | C25: Walls (any thickness) - Pardie Walls including attached pilasters, buttresses, plinth & string courses etc. | D25: Sq.m. | E25: 288.6665 | F25: 842.5 | G25: =F25/1.18 -> 713.98305 | H25: =G25*E25 -> 206102.99
A26: iii | B26: 5.9.3 | C26: Suspended floors & Slabs, roofs, landings, balconies and access platform | D26: Sq.m. | E26: 575.40865 | F26: 927.25 | G26: =F26/1.18 -> 785.80508 | H26: =G26*E26 -> 452159.04
A27: iv | B27: 5.9.5 | C27: Lintels, beams, plinth beams, girders, bressumers & cantilevers | D27: Sq.m. | E27: 718.48041 | F27: 736.4 | G27: =F27/1.18 -> 624.0678 | H27: =G27*E27 -> 448380.49
A28: v | B28: 5.9.6 | C28: Columns, pillars, piers abutments posts & struts | D28: Sq.m. | E28: 504.13 | F28: 961.3 | G28: =F28/1.18 -> 814.66102 | H28: =G28*E28 -> 410695.06
A29: vi | B29: 5.9.7 | C29: Stairs (excluding landings) except spiral staircases. | D29: Sq.m. | E29: 19.89 | F29: 764.95 | G29: =F29/1.18 -> 648.26271 | H29: =G29*E29 -> 12893.945
A30: x | B30: 5.9.19 | C30: Weather shade, chajjas, corbels etc. including edges. | D30: Sq.m. | E30: 58.64875 | F30: 951.1 | G30: =F30/1.18 -> 806.01695 | H30: =G30*E30 -> 47271.887
A31: 10 | B31: 5.22A.6 | C31: Steel reinforcement for R.C.C. work including straightening, cutting, bending, placing in position and binding all complete above plinth level. Thermo-Mechanically Treated bars of grade Fe-500D or more. | D31: Kg. | E31: 21593.177 | F31: 107.85 | G31: =F31/1.18 -> 91.398305 | H31: =G31*E31 -> 1973579.8
A32: 11 | B32: 5.30 | C32: Add / Deduct for plaster drip course/groove in plastered surface or moulding to RCC projections. | D32: Mtr. | E32: 122.87 | F32: 78.4 | G32: =F32/1.18 -> 66.440678 | H32: =G32*E32 -> 8163.5661
A33: 12 | B33: 6.1.2 | C33: Brick work with common burnt clay FPS (non modular) bricks of class designation 7.5 in foundations and plinth in : Cement mortar 1:6 (1 cement : 6 coarse sand). | D33: Cu.m. | E33: 1 | F33: 7132.25 | G33: =F33/1.18 -> 6044.2797 | H33: =G33*E33 -> 6044.2797
A34: 13 | B34: 6.4.2 | C34: Brick work with common burnt clay FPS (non modular) bricks of class designation 7.5 in superstructure above plinth level up to floor v level in all shapes and sizes in cement mortar 1:6 (1 cement : 6 coarse sand). | D34: Cu.m. | E34: 159.57912 | F34: 9105.95 | G34: =F34/1.18 -> 7716.9068 | H34: =G34*E34 -> 1231457.2
A35: 14 | B35: 6.12.2 | C35: Half brick masonary with common burnt clay FPS (non modular) bricks of class designation 7.5 in superstructure above plinth level up to floor v level.Cement mortar 1:4 (1cement:4 coarse sand). | D35: Sq.m. | E35: 427.8407 | F35: 905.05 | G35: =F35/1.18 -> 766.99153 | H35: =G35*E35 -> 328150.19
... A37: 16 | B37: 9.1.1 | C37: Providing wood work in frames of doors, windows, clerestory windows and other frames, wrought framed and fixed in position with hold fast lugs or with dash fasteners of required dia & length (hold fast lugs or dash fastener shall be paid for separately). Second class teak wood | D37: Cum | E37: 2.77414 | F37: 142949.7 | G37: =F37/1.18 -> 121143.81 | H37: =G37*E37 -> 336069.9
A38: 17 | B38: Existing LOA Rate | C38: Providing and fixing wardrobe made out of 19mm thick ply for sides, shelf, shutters, top & bottom and 8mm thick marine ply back and 6" drawer 02 to 04 nos as applicable shall be provided with 19mm thick ply including sliding channels, handle & lock.75 mm thick skirting shall be provided at top bottom and both sides with 19mm ply. Shutters & exposed sides shall be finished with 1.5mm thick laminates. 1"x1.5" teak wood moulding on edges shall be provided. All internal surfaces finished with 1.5mm thick laminates. SS hanger rod 25mm dia shall be provided at top including L-hinges, handles, ball catchers, tower bolt, locks and all necessary fittings complete. All necessary supports for rack shall be provided with 19mm thick ply. (All works shall be carried out as per direction of Engineer-in-charge). NOte: Shutter area to be measured for payment. | D38: Sq.m. | E38: 48 | F38: =22057*1.18 -> 26027.26 | G38: =F38/1.18 -> 22057 | H38: =G38*E38 -> 1058736
A39: 18 | B39: 9.20.2 | C39: Providing and fixing ISI marked flush door shutters conforming to IS :2202 (Part I) decorative type, core of block board construction with frame of 1st class hard wood and well matched teak 3 ply veneering with vertical grains or cross bands and face veneers on both faces of shutters. 30 mm thick including ISI marked Stainless Steel butt hinges with necessary screws | D39: Sqm | E39: 92.356083 | F39: 3167.95 | G39: =F39/1.18 -> 2684.7034 | H39: =G39*E39 -> 247948.69
A40: 19 | B40: 13.68.1 | C40: French spirit polishing : Two or more coats on new works including a coat of wood filler | D40: Sqm | E40: 184.71217 | F40: 446.25 | G40: =F40/1.18 -> 378.17797 | H40: =G40*E40 -> 69854.072
A41: 20 | B41: 26.86.2 | C41: Providing and fixing factory made single extruded WPC (Wood Polymer Composite) solid door/window/Clerestory windows & other Frames/Chowkhat comprising of virgin PVC polymer of K value 58-60 (SuspensionGrade), calcium carbonate and natural fibers (wood powder/ rice husk/wheat husk) and non toxic additives (maximum toxicity index of 12 for 100gms) fabricated with miter joints after applying PVC solvent cement and screwed with full body threaded star headed SS screws having minimum frame density of 750 kg/cum, screw withdrawal strength of 2200 N (Face) & 1100 N (Edge), minimum compressive strength of 58 N/mm2, modulus of elasticity 900 N/mm2 and resistance to spread of flame of Class A category with property of being termite/borer proof, water/moisture proof and fire retardant and fixed in position with M.S hold fast/lugs/SS dash fasteners of required dia and length complete as per direction of Engineer-In- Charge. (M.S hold fast/lugs or SS dash fasteners shall be paid for separately). Note: For WPC solid door/window frames, minus 5 mm tolerance in dimensions i.e depth and width of profile shall be acceptable. Variation in profile dimensions on plus side shall be acceptable but no extra payment on this account shall be made. Frame size 50 x 100 mm | D41: Mtr. | E41: 25 | F41: 947.7 | G41: =F41/1.18 -> 803.13559 | H41: =G41*E41 -> 20078.39
A42: 21 | B42: 26.87.1 | C42: Providing and fixing factory made single extruded WPC (Wood Polymer Composite) solid plain flush door shutter of required size comprising of virgin polymer of K value 58-60 (Suspension Grade), calcium carbonate and natural fibers (wood powder/ rice husk/wheat husk) and non toxic additives (maximum toxicity index of 12 for 100 gms) having minimum density of 650 kg/cum and screw withdrawal strength of 1800 N (Face) & 900 N (Edge), minimum compressive strength 50 N/mm2, modulus of elasticity 850 N/mm2 and resistance to spread of flame of Class A category with property of being termite/borer proof, water/moisture proof and fire retardant and fixing with stainless steel butt hinges of required size with necessary full body threaded star headed counter sunk S.S screws, all as per direction of Engineer-In- Charge. (Note: stainless steel butt hinges and necessary S.S screws shall be paid separately): 30 mm thick | D42: Sqm | E42: 15 | F42: 4346.7 | G42: =F42/1.18 -> 3683.6441 | H42: =G42*E42 -> 55254.661
A43: 22 | B43: 9.53 | C43: Providing 40x5 mm flat iron hold fast 400 mm long including fixing to frame with 10 mm diameter bolts, nuts and wooden plugs and embedding in cement concrete block 300x100x150 mm 1:3:6 mix (1 cement : 3 coarse sand : 6 graded stone aggregate 20 mm nominal size). | D43: Each | E43: 60 | F43: 228 | G43: =F43/1.18 -> 193.22034 | H43: =G43*E43 -> 11593.22
A44: 23 | B44: 9.27.1.1.1 | C44: Providing and fixing wire gauge shutters using galvanized M.S. wire gauge of average width of aperture 1.4 mm in both directions with wire of dia 0.63 mm, for doors, windows and clerestory windows with hinges and necessary screws :30 mm thick shutterswith ISI marked M.S. pressed butt hinges bright finished of required size : Second class teak wood . | D44: Sqm | E44: 28.8939 | F44: 4852.3 | G44: =F44/1.18 -> 4112.1186 | H44: =G44*E44 -> 118815.14
A45: 24 | B45: 9.95.4 | C45: Providing Anodised Aluminium butt hinges 100x63x4 mm | D45: Nos. | E45: 159 | F45: 104.75 | G45: =F45/1.18 -> 88.771186 | H45: =G45*E45 -> 14114.619
A46: 25 | C46: Providing & fixing glazing in Aluminium door, window, ventilator, shutters and partitions etc. with PVC / neoprene gasket etc. complete as per the architectural drawings and the directions of Engineer-in-charge. (cost of aluminium snap beading shall be paid in basic item).
A47: i | B47: 21.3.1 | C47: With float glass panes of 4.0 mm thickness (weight not less than 10kg/sqm) | D47: Sq.m. | E47: 1.953996 | F47: 1176.8 | G47: =F47/1.18 -> 997.28814 | H47: =G47*E47 -> 1948.697
A48: ii | B48: 21.3.2 | C48: With float glass panes of 5 mm thickness (weight not less than 12.50 kg/sqm) | D48: Sq.m. | E48: 1 | F48: 1505.25 | G48: =F48/1.18 -> 1275.6356 | H48: =G48*E48 -> 1275.6356
A49: 26 | B49: 9.42 | C49: Providing and fixing 18 mm thick, 150 mm wide pelmet of coir veneer board ISI marked IS : 14842, including top cover of 6 mm coir veneer board, nickle plated M.S. Pipe 20 mm dia. (heavy type) curtain rod with nickel plated brackets, including fixing with 25x3 mm M.S. Flat 10 cm long fixed to pelmet with hollock wood cleats of size 100 mm x 40 mm x 40 mm on both inner side of pelmet and rawl plugs 75 mm long etc. all complete. | D49: metre | E49: 103.3 | F49: 600.55 | G49: =F49/1.18 -> 508.94068 | H49: =G49*E49 -> 52573.572
A50: 27 | B50: 9.79.2 | C50: Providing and fixing special quality bright finished brass cupboard or ward robe locks with four levers including necessary screws etc. complete (best make of approved quality): 50 mm | D50: Each | E50: 34 | F50: 356.75 | G50: =F50/1.18 -> 302.33051 | H50: =G50*E50 -> 10279.237
A51: 28 | B51: 9.80 | C51: Providing and fixing 50 mm bright finished brass cupboard or wardrobe knob of approved quality with necessary screws. | D51: Each | E51: 34 | F51: 74.25 | G51: =F51/1.18 -> 62.923729 | H51: =G51*E51 -> 2139.4068
A52: 29 | B52: 9.96.1 | C52: Providing and fixing aluminium sliding door bolts, ISI marked anodised (anodic coating not less than grade AC 10 as per IS:1868) transparent or dyed to required colour or shade with nuts and screws etc. complete. 300 x 16 mm | D52: Each | E52: 31 | F52: 303.25 | G52: =F52/1.18 -> 256.99153 | H52: =G52*E52 -> 7966.7373
A53: 30 | C53: Providing and fixing aluminium tower bolts ISI marked anodised (anodic coating not less than grade AC 10 as per IS:1868) transparent or dyed to required colour or shade with necessary screws etc. complete
A54: i | B54: 9.97.2 | C54: 250 X 10 mm | D54: Each | E54: 56 | F54: 115.15 | G54: =F54/1.18 -> 97.584746 | H54: =G54*E54 -> 5464.7458
A55: ii | B55: 9.97.4 | C55: 150 X 10 mm | D55: Each | E55: 28 | F55: 82.55 | G55: =F55/1.18 -> 69.957627 | H55: =G55*E55 -> 1958.8136
A56: iii | B56: 9.97.5 | C56: 100x10 mm | D56: Each | E56: 24 | F56: 64.7 | G56: =F56/1.18 -> 54.830508 | H56: =G56*E56 -> 1315.9322
A57: 31 | C57: Providing and fixing aluminium handles ISI marked anodised anodic coating not less than grade AC 10 as per IS:1868) transparent or dyed to required colour or shade with necessary screws etc. complete.
A58: i | B58: 9.100.1 | C58: 125 mm | D58: Each | E58: 78 | F58: 66.25 | G58: =F58/1.18 -> 56.144068 | H58: =G58*E58 -> 4379.2373
A59: ii | B59: 9.100.3 | C59: 75 mm | D59: Each | E59: 36 | F59: 51.75 | G59: =F59/1.18 -> 43.855932 | H59: =G59*E59 -> 1578.8136
A60: 32 | B60: 9.101.2 | C60: Providing and fixing aluminium hanging floor door stopper ISI marked anodised (anodic coating not less than grade AC 10 as per IS:1868) transparent or dyed to required colour & shade with necessary screws etc. complete : Twin rubber stopper | D60: Each | E60: 34 | F60: 72.35 | G60: =F60/1.18 -> 61.313559 | H60: =G60*E60 -> 2084.661
A61: 33 | B61: 9.103 | C61: Providing and fixing bright finished brass 100 mm mortice latch and lock, ISI Marked, with six levers and a pair of Anodised [Anodic coating not less than Grade AC 10 as per IS:1868 ] Aluminium lever handles with necessary screws etc. complete (Best make of approved quality) | D61: Each | E61: 28 | F61: 868.95 | G61: =F61/1.18 -> 736.39831 | H61: =G61*E61 -> 20619.153
A62: 34 | B62: 10.18 | C62: Providing and fixing circular/hexagonal cast iron or MS sheet box for ceiling fan clamp of internal dia 140 mm, 73 mm height , top lid of 1.5mm thick M.S sheet with its top surface hacked for proper bonding, top lid shall be screwed into the cast iron / M.S . sheet box by means of 3.3mm dia round headed screws,one lock at the corners. Clamp shall be made of 12mm dia M.S. bar bent to shape as per standard drawing. | D62: Each | E62: 32 | F62: 220.65 | G62: =F62/1.18 -> 186.99153 | H62: =G62*E62 -> 5983.7288
A63: 35 | B63: 9.48.2 | C63: Providing and fixing M.S. grills of required pattern in frames of windows etc. with M.S. flats, square or round bars etc. including priming coat with approved steel primer all complete. Fixed to openings /wooden frames with rawl plugs screws etc. | D63: Kgs. | E63: 1500.5408 | F63: 238.35 | G63: =F63/1.18 -> 201.99153 | H63: =G63*E63 -> 303096.53
A64: 36 | B64: 10.25.2 | C64: Steel work welded in built up sections / framed work including cutting, hoisting, fixing in position and applying a priming coat of approved steel primer using structural steel etc as required. In gratings, frames, guard bars, ladders, railings, brackets, gates, grills and similar works. | D64: Kgs. | E64: 875.7864 | F64: 172.6 | G64: =F64/1.18 -> 146.27119 | H64: =G64*E64 -> 128102.32
A65: 37 | B65: 10.26.1 | C65: Providing and fixing handrail of Approved size by welding etc to steel ladder railing, balcony railing and staircase railing including applying a priming coat of approved steel primer. M.S.Tube | D65: Kgs. | E65: 613.94305 | F65: 196.8 | G65: =F65/1.18 -> 166.77966 | H65: =G65*E65 -> 102393.21
A66: 38 | B66: 10.28 | C66: Providing and fixing stainless steel ( Grade 304) railing made of Hollow tubes, channels, plates etc., including welding, grinding, buffing, polishing and making curvature (wherever required) and fitting the same with necessary stainless steel nuts and bolts complete, i/c fixing the railing with necessary accessories & stainless steel dash fasteners , stainless steel bolts etc., of required size, on the top of the floor or the side of waist slab with suitable arrangement as per approval of Engineer-in-charge, (for payment purpose only weight of stainless steel members shall be considered excluding fixing accessories such as nuts, bolts, fasteners etc.). | D66: Kg | E66: 10 | F66: 772.4 | G66: =F66/1.18 -> 654.57627 | H66: =G66*E66 -> 6545.7627
A67: 39 | C67: Providing and laying gang saw cut 18 mm thick, mirror polished pre moulded and pre polished machine cut granite stone of required size and shape of approved shade, colour and texture in footpath, flooring cut granite stone of required size and shape of approved shade, colour and texture in footpath, flooring in road side plazas and similar locations, laid over 20 mm thick base of cement mortar 1:4 (1cement : 4 coarse sand) including grouting the joints with white cement mixed with matching pigment, epoxy touch ups etc. complete as per direction of Engineer-in-Charge.
A68: i | B68: 16.86.1 | C68: With granite stone of area less than 0.50 sqm. | D68: Sq.m. | E68: 16.9745 | F68: 4746.2 | G68: =F68/1.18 -> 4022.2034 | H68: =G68*E68 -> 68274.891
A69: ii | B69: 8.1.1.1 | C69: Marble work gang saw cut (polished and machine cut) of thickness 18 mm for wall lining (veneer work), backing filled with a grout of average 12 mm thick in cement mortar 1:3 (1 cement : 3 coarse sand), including pointing with white cement mortar 1:2 (1 white cement : 2 marble dust) with an admixture of pigment to match the marble shade (To be secured to the backing by means of cramps, which shall be paid for separately). Raj Nagar Plain white marble/ Udaipur green marble/ Zebra black marble. Area of slab upto 0.50 sqm | D69: Sq.m. | E69: 100.17805 | F69: 5742.55 | G69: =F69/1.18 -> 4866.5678 | H69: =G69*E69 -> 487523.27
A70: 40 | B70: 8.3.1 | C70: Extra for providing edge moulding to 18mm thick marble stone counters, vanities etc. including machine polishing to edge to give high gloss finish etc. complete as per design approved by Engineer - in - Charge. Marble / Granite work | D70: RMT | E70: 116.875 | F70: 298.6 | G70: =F70/1.18 -> 253.05085 | H70: =G70*E70 -> 29575.318
A71: 41 | B71: 8.31 | C71: Providing and Fixing 1st quality ceramic glazed tiles conforming to IS 15622 (Thickness to be specified by the Manufacturer ) of Approved Make in all colours, shades except begundy, bottle-green, black of any size as approved by the Engineer-in-charge in skirting, risers of steps and dados over 12 mm thick bed of Cement mortar 1:3 (1 Cement:3 Coarse Sand) and jointing with grey cement slurry @ 3.3 kg per sq m including pointing in white cement mixed with pigment of matching shade complete. | D71: Sq.m. | E71: 217.416 | F71: 1267.95 | G71: =F71/1.18 -> 1074.5339 | H71: =G71*E71 -> 233620.86
A72: 42 | B72: 11.37 | C72: Providing and Laying ceramic glazed floor tiles 300 mm X 300 mm (thickness to be specified by the manufacturer) of 1st quality conforming to IS 15622 of Approved make in all colours such as White, Ivory, grey, Fume, Red Brown, laid on 20 mm thick bed of Cement mortar 1:4 (1 Cement:4 Coarse Sand) including pointing the joints with white cement and matching pigments etc complete. | D72: Sq.m. | E72: 46.5068 | F72: 1096.55 | G72: =F72/1.18 -> 929.27966 | H72: =G72*E72 -> 43217.823
A73: 43 | B73: 11.41.2 | C73: Providing and laying polished vitrified floor tiles in different sizes (thickness to be specified by the manufacturer) with water absorption's less than 0.08% and conforming to IS: 15622 of approved make in all colours and shades, laid on 20 mm thick cement mortar 1:4 (1 cement : 4 coarse sand) including grouting the joints with white cement and matching pigments etc. complete. Size of Tile 600 x 600 mm. | D73: Sqm. | E73: 442.5967 | F73: 1553.45 | G73: =F73/1.18 -> 1316.4831 | H73: =G73*E73 -> 582671.05
A74: 44 | B74: 11.46.2 | C74: Providing and laying Vitrified tiles in different sizes (thichness to be specified by manufacturer), with waterabsorption less than 0.08% and conforming to I.S. 15622 of approved make, in all colours & shade, in skirting, riser of steps, over 12mm thick bed of cement mortar 1:3(1 cement : 3 coarse sand), including grouting the joint with white cement & matching pigments etc. complete. Size of Tile 600 x 600 mm. | D74: Sqm. | E74: 57.6291 | F74: 1623.05 | G74: =F74/1.18 -> 1375.4661 | H74: =G74*E74 -> 79266.874
A75: 45 | B75: 12.22 | C75: Making khurras 45 x 45 cm with average minimum thickness of 5cm cement concrete 1:2:4 (1 cement : 2 coarse sand: 4 graded stone aggregate of 20 mm nominal size) over PVC sheet 1mx1mx400 micron, finished with 12 mm cement plaster 1:3 (1 cement : 3 coarse sand) and a coat of neat cement rounding the edges and making and finishing the outlet complete. | D75: Each | E75: 12 | F75: 298.25 | G75: =F75/1.18 -> 252.75424 | H75: =G75*E75 -> 3033.0508
A76: 46 | B76: 13.4.2 | C76: 12mm cement plaster of mix 1:6( 1 cement :6 coarse sand) | D76: Sq.m. | E76: 1638.2168 | F76: 343.65 | G76: =F76/1.18 -> 291.22881 | H76: =G76*E76 -> 477095.92
A77: 47 | B77: 13.5.2 | C77: 15 mm cement plaster on the rough side of single or half brick wall of mix 1:6 (1 Cement : 6 Fine sand) | D77: Sq.m. | E77: 465.5808 | F77: 395.35 | G77: =F77/1.18 -> 335.04237 | H77: =G77*E77 -> 155989.3
A78: 48 | B78: 13.16.1 | C78: 6 mm cement plaster of mix 1 : 3 (1 Cement : 3 Fine sand) | D78: Sq.m. | E78: 794.16166 | F78: 300.45 | G78: =F78/1.18 -> 254.61864 | H78: =G78*E78 -> 202208.37
A79: 49 | B79: 13.11 | C79: 18 mm cement plaster in two coats under layer 12 mm thick cement plaster 1:5 (1 Cement : 5 Coarse sand) finished with top layer 6 mm thick cement plaster 1:6 (1 Cement : 6 Fine sand) | D79: Sq.m. | E79: 1388.0935 | F79: 518.55 | G79: =F79/1.18 -> 439.44915 | H79: =G79*E79 -> 609996.51
... A89: 59 | B89: 26.31.2 | C89: Providing, mixing and applying bonding coat of approved adhesive on chipped portion of RCC as per specifications and direction of Engineer In-charge complete in all respect. Epoxy bonding adhesive having coverage 2.20 sqm/kg of approved make | D89: Sqm | E89: 12.96 | F89: 285.2 | G89: =F89/1.18 -> 241.69492 | H89: =G89*E89 -> 3132.3661
A90: 60 | B90: Existing LOA Rate | C90: Supply and installation of chemical fastener of size- 16mm x 190mm. | D90: Each | E90: 12 | F90: =512.5*1.18 -> 604.75 | G90: =F90/1.18 -> 512.5 | H90: =G90*E90 -> 6150
A91: TOTAL(Civil works) | H91: =SUM(H12:H90) -> 16164566
A92: SECTION--II (PHE WORKS)
A93: 1 | B93: 17.1.1 | C93: Providing and fixing water closet squatting pan (Indian type W.C pan) with 100mm sand cast iron P or S trap, 10 litre low level white P.V.C flushing cistern with manually controlled device (handle lever) conforming to IS:7231, with all fittings and fixtures complete including cutting and making good the walls and floors wherever required. White Vitreous china Orissa patterns W.C pan of size 580x 440 mm with integral type foot rest | D93: Each | E93: 6 | F93: 6767.4 | G93: =F93/1.18 -> 5735.0847 | H93: =E93*G93 -> 34410.508
A94: 2 | B94: 17.2.1 | C94: Providing and fixing white vitreous china pedestal type water closet (European type) with seat and lid, 10 litre low level white vitreous china flushing cistern & C.P. flush bend with fittings & C.I.brackets, 40 mm flush bend, overflow arrangement with specials of standard make and mosquito proof coupling of approved municipal design complete, including painting of fittings and brackets, cutting and making good the walls and floors wherever required : W.C. pan with ISI marked white solid plastic seat and lid | D94: Each | E94: 8 | F94: 6515.55 | G94: =F94/1.18 -> 5521.6525 | H94: =E94*G94 -> 44173.22
A95: 3 | B95: 17.7.3 | C95: Providing and fixing wash basin with CI / MS brackets , 15 mm CP brass pillar taps, Kingston/Gem/Techno/Parko, 32 mm CP brass waste of standard pattern including painting of fittings and brackets cutting and making good the walls wherever required. Wash basin size 550 x 400 mm with a pair of 15 mm CP brass pillar tap. | D95: Each | E95: 20 | F95: 2301.75 | G95: =F95/1.18 -> 1950.6356 | H95: =E95*G95 -> 39012.712
A96: 4 | B96: 17.10.1.4 | C96: Providing and fixing Stainless Steel A ISI 304 (18/8) kitchen sink as per IS:13983 with C.I. brackets and stainless steel plug 40 mm, including painting of fittings and brackets, cutting and making good the walls wherever required : Kitchen sink with drain board 510x1040 mm bowl depth 178 mm. 510x1040 mm bowl depth 178 mm | D96: Each | E96: 6 | F96: 6917.2 | G96: =F96/1.18 -> 5862.0339 | H96: =E96*G96 -> 35172.203
A97: 5 | B97: 17.22 | C97: Providing and fixing G.I inlet connection for flush pipe connecting with W.C pan | D97: Each | E97: 14 | F97: 142.85 | G97: =F97/1.18 -> 121.05932 | H97: =E97*G97 -> 1694.8305
A98: 6 | B98: 7117+20% installation | C98: Providing and fixing PVC waste pipe for sink or wash basin including PVC waste fittings complete. Flexible pipe - 32 mm dia | D98: Each | E98: 26 | F98: =(38+38*20%)*1.18 -> 53.808 | G98: =F98/1.18 -> 45.6 | H98: =E98*G98 -> 1185.6
A99: 7 | B99: 17.31 | C99: Providing and fixing 600 x 450 mm bevelled edge mirror of superior glass (of approved quality) complete with 6 mm thick hard board ground fixed to wooden cleats with CP brass screws and washers complete. | D99: Each | E99: 20 | F99: 1607.95 | G99: =F99/1.18 -> 1362.6695 | H99: =E99*G99 -> 27253.39
A100: 8 | B100: 17.33 | C100: Providing & fixing 600 x 120 x 5 mm glass shelf with edges round off supported on anodised aluminium angle frame with C.P. brass brackets and guard rail complete fixed with 40 mm long screws rawl plugs etc. complete | D100: Each | E100: 20 | F100: 1083.5 | G100: =F100/1.18 -> 918.22034 | H100: =E100*G100 -> 18364.407
A101: 9 | B101: 17.72 | C101: Providing and fixing PTMT towel ring trapezoidal shape 215 mm long, 200 mm wide with a minimum distances of 37 mm from wall face with concealed fittings arrangement of approved quality, colour and make weighing not less than 88 gms (Prayag or equivalent) | D101: Each | E101: 20 | F101: 231.95 | G101: =F101/1.18 -> 196.5678 | H101: =E101*G101 -> 3931.3559
A102: 10 | B102: 17.73.2 | C102: Providing and fixing PTMT towel rail complete with brackets fixed to wooden cleats with CP brass screws with concealed fitting arrangement of approved quality colour and make (Prayag or equivalent). 600mm long towel rail with total length of 645mm, width 78mm wide and effective height of 88mm, weighing not less than 190gms. | D102: Each | E102: 14 | F102: 708.95 | G102: =F102/1.18 -> 600.80508 | H102: =E102*G102 -> 8411.2712
A103: 11 | B103: 17.22A | C103: Providing and fixing PTMT Bottle trap for wash basin and sink (Prayag or equivalent): Bottle trap 31 mm single piece moulded with height of 270 mm, effective length of tail pipe 260 mm from the centre of the waste coupling 77 mm breadth with 25 mm minimum water seal, weighinh not less than 260 gms. | D103: Each | E103: 8 | F103: 1034.8 | G103: =F103/1.18 -> 876.94915 | H103: =E103*G103 -> 7015.5932
A104: 12 | C104: Providing and fixing Chlorinated Polyvinyl Chloride (CPVC) pipes, having thermal stability for hot & cold water supply and all CPVC plain & brass threaded fittings, including fixing the pipe with clamps at 1.00 m spacing.This includes jointing of pipes & fittings with one step CPVC solvent cement and testing of joints complete as per direction of Engineer in Charge.Internal work - Exposed on wall
A105: i | B105: 18.7.1 | C105: 15 mm nominal bore | D105: Metre | E105: 13.2 | F105: 286.8 | G105: =F105/1.18 -> 243.05085 | H105: =E105*G105 -> 3208.2712
A106: ii | B106: 18.7.2 | C106: 20 mm nominal bore | D106: Metre | E106: 88.3 | F106: 335 | G106: =F106/1.18 -> 283.89831 | H106: =E106*G106 -> 25068.22
A107: iii | B107: 18.7.4 | C107: 32 mm dia nominal bore | D107: Metre | E107: 204.9 | F107: 518.75 | G107: =F107/1.18 -> 439.61864 | H107: =E107*G107 -> 90077.86
A108: iv | B108: 18.7.5 | C108: 40 mm dia nominal bore | D108: Metre | E108: 56.1 | F108: 702.95 | G108: =F108/1.18 -> 595.72034 | H108: =E108*G108 -> 33419.911
A109: v | B109: 18.7.6 | C109: 50 mm dia nominal bore | D109: Metre | E109: 56.1 | F109: 934.15 | G109: =F109/1.18 -> 791.65254 | H109: =E109*G109 -> 44411.708
A110: 13 | C110: Providing and fixing Chlorinated Polyvinyl Chloride (CPVC) pipes,having thermal stability for hot & cold water supply, including all CPVC plain & brass threaded fittings and fixing the pipe with clamps at 1.00 m spacing. This includes jointing of pipes & fittings with one step CPVC solvent cement and the cost of cutting chases and making good the same including testing of joints complete as per direction of Engineer in Charge.Concealed work, including cutting chases and making good the walls etc.
A111: i | B111: 18.8.1 | C111: 15 mm nominal bore | D111: Metre | E111: 131.575 | F111: 497.8 | G111: =F111/1.18 -> 421.86441 | H111: =E111*G111 -> 55506.809
A112: ii | B112: 18.8.2 | C112: 20 mm nominal bore | D112: Metre | E112: 9 | F112: 537.6 | G112: =F112/1.18 -> 455.59322 | H112: =E112*G112 -> 4100.339
...

Sheet Summary
A1: =Sheet1!A2 -> RFX. No. 5002005176 , NIT-488
A2: =Sheet1!B3 -> Construction of Additional 06 nos. Quarters at 765/400 kV New Ranchi Substation
A4: Name of the bidder | C4: =Details!E13 -> 0 | F4: To,
A5: Address | C5: =Details!E7 -> 0 | F5: Contracts and Materials Department
C6: =Details!E8 -> 0 | F6: POWER GRID CORPORATION OF INDIA LIMITED
C7: =Details!E9 -> 0 | F7: VIDYUT BOARD COLONY, SHASTRINAGAR, PATNA-23
A9: We declare that following are our Total Bid Prices in Rupees for the expenditure incurred for the entire scope of work as specified in the specifications and documents. We have indicated Total Estimated Cost as indicated in the "Bill of Quantity(BOQ) & Prices" covering entire scope of works enclosed herewith as Schedule-I.
A14: I | C14: Total for Installation/Services as per Schedule-I | H14: =IF('Schedule-I'!H182=0,"0.00",'Schedule-I'!H182) -> 20777188
A15: II | C15: Total GST on services/Installation as per Schedule-I | H15: =IF('Schedule-I'!H183=0,"0.00",'Schedule-I'!H183) -> 3739893.9
A16: III | C16: Toal BID Price including all taxes | H16: =SUM(H14:H15) -> 24517082
A19: Date | B19: =Details!E2 -> 0 | E19: Printed Name | G19: =Details!E13 -> 0
A20: Place | B20: =Details!E1 -> 0 | E20: Designation | G20: =Details!E14 -> 0

Sheet Bid form 2nd envelope
A1: =Sheet1!A2 -> RFX. No. 5002005176 , NIT-488 | F1: Bid Form 2nd Envelope
A3: BID FORM (Second Envelope)
A5: Bid Proposal Ref. No.
A8: ='[1]Sch-1'!E6 -> To:
A9: ='[1]Sch-1'!E7 -> Contract Services
A10: ='[1]Sch-1'!E8 -> Power Grid Corporation of India Ltd.,
A11: ='[1]Sch-1'!E9 -> Eastern Region Transmission System-I
A12: ='[1]Sch-1'!E10 -> Vidyut Board Colony Shastri Nagar
A13: ='[1]Sch-1'!E11 -> Patna 800023
A15: Name of Contract : | C15: =Sheet1!B3 -> Construction of Additional 06 nos. Quarters at 765/400 kV New Ranchi Substation
A16: Dear Ladies and/or Gentlemen,
B17: =Z17 &AB17 & AC17 & AA17
A18: 1 | B18: The above amounts are in accordance with the price schedules attached herewith and are made part of this bid.
A19: 2 | B19: Price Schedules
A20: 2.1 | B20: In line with the requirements of the Bidding documents, we enclose herewith the following Price Schedules, duly filled - in as per your proforma:
B21: Schedule-I | D21: Service/Installation charges
A27: 2.2 | B27: We are aware that the Price Schedules do not generally give a full description of the Work to be performed under each item and we shall be deemed to have read the Technical Specifications and other sections of the Bidding Documents to ascertain the full scope of Work included in each item while filling-in the rates and prices. We agree that the entered rates and prices shall be deemed to include for the full scope as aforesaid, including overheads and profit.
A29: 2.3 | B29: We understand that in the price schedules, where there are errors between the total of the amounts given under the column for the price Breakdown and the amount given under the Total Price, the former shall prevail and the latter will be corrected accordingly. We further understand that where there are discrepancies between amounts stated in figures and amounts stated in words, the amount stated in words shall prevail. Similarly, any discrepancy in the total bid price and that of the summation of Schedule price (price indicated in a Schedule indicating the total of that schedule), the total bid price shall be corrected to reflect the actual summation of the Schedule prices.
A30: 2.4 | B30: We declare that items left blank in the Schedules will be deemed to have been included in other items. The TOTAL for each Schedule and the TOTAL of Grand Summary shall be deemed to be the total price for executing the Facilities and sections thereof in complete accordance with the Contract, whether or not each individual item has been priced.
A31: 3 | B31: We confirm that except as otherwise specifically provided our Bid Prices in this Second Envelope include all taxes, duties, levies and charges as may be assessed on us, our Sub-Contractor/Sub-Vendor or their employees by all municipal, state or national government authorities in connection with the Facilities, in and outside of India.
A35: 3.1 | B35: We confirm that we shall also get registered with the concerned Goods and Service Tax Authorities, in all the states where the project is located.
A36: 4 | B36: We, hereby, declare that only the persons or firms interested in this proposal as principals are named here and that no other persons or firms other than those mentioned herein have any interest in this proposal or in the Contract to be entered into, if the award is made on us, that this proposal is made without any connection with any other person, firm or party likewise submitting a proposal is in all respects for and in good faith, without collusion or fraud.
B38: Thanking you, we remain,
F39: Yours faithfully,
F40: ="For and on behalf of " & '[1]Sch-1'!B8 -> For and on behalf of
A42: Date : | B42: =Details!E18 -> 0 | E42: Printed Name : | F42: =Details!E13 -> 0
A43: Place : | B43: =Details!E17 -> 0 | E43: Designation : | F43: =Details!E14 -> 0
A45: Please provide additional information of the Bidder
A46: Business Address :
A49: Country of Incorporation :
A50: State/Province to be indicated :
A51: Name of Principal Officer :
A52: Address of Principal Officer :
